Map: World of Sleepers LE

Players

TIME (Oliveira) - Winner!

  • Race: Terran Terran
  • League: Master
  • Spawn Location: 7:00

ShoWTimE

  • Race: Protoss Protoss
  • Spawn Location: 1:00

Event: NationWars 2019

VOD

Have the link to the VOD?

Description

Time

  • Played on: Nov. 13, 2019, 4:32 p.m.
  • Length: 8:03

All games in this series

Show
View Real Time Build Order
Export as new Build Order

TIME Terran - Winner!

Build Orders: Reaper Expand 

Get SALT Encoding   

  12  0:01  SCV  
  13  0:13  SCV  
  14  0:17  Supply Depot  
  14  0:25  SCV  
  15  0:39  SCV  
  15  0:40  Barracks  
  16  0:44  Refinery  
  16  0:51  SCV  
  17  1:03  SCV  
  18  1:15  SCV  
  19  1:28  Orbital Command, Reaper  
  20  1:41  Command Center  
  20  1:50  Supply Depot  
  20  1:54  SCV  
  20  2:00  Marine  
  22  2:06  SCV  
  22  2:08  Factory  
  23  2:16  Refinery  
  23  2:17  Bunker  
  23  2:20  SCV  
  24  2:23  Barracks Reactor  
  24  2:32  SCV  
  25  2:44  SCV  
  26  2:53  Widow Mine  
  26  2:55  Orbital Command  
  26  2:57  SCV, Starport  
  29  3:01  Marine x2  
  29  3:05  Orbital Command  
  31  3:09  SCV  
  32  3:14  Widow Mine  
  32  3:19  Marine x2  
  36  3:27  SCV  
  36  3:29  Supply Depot  
  36  3:30  SCV  
  36  3:33  Viking  
  39  3:37  Marine  
  39  3:38  Factory Tech Lab  
  39  3:39  SCV  
  41  3:42  SCV  
  41  3:47  Barracks  
  42  3:51  SCV  
  42  3:55  SCV  
  44  3:57  Cyclone  
  47  4:03  SCV  
  47  4:06  Barracks Tech Lab  
  47  4:07  SCV  
  47  4:08  Barracks  
  47  4:14  Starport Reactor  
  47  4:15  SCV  
  46  4:19  SCV  
  46  4:26  Engineering Bay  
  46  4:27  Stimpack, SCV, Refinery  
  46  4:29  Marine  
  46  4:31  SCV  
  49  4:36  Siege Tank  
  52  4:39  SCV  
  52  4:42  Barracks Reactor  
  52  4:43  SCV  
  54  4:49  Refinery  
  54  4:53  SCV, Marine  
  54  4:56  Supply Depot  
  54  4:58  Supply Depot  
  54  5:06  Terran Infantry Weapons Level 1, Supply Depot  
  54  5:07  Supply Depot  
  54  5:18  SCV x2, Siege Tank, Marine x3  
  54  5:19  Reaper, Marine  
  64  5:30  SCV  
  64  5:32  Supply Depot  
  64  5:33  Supply Depot  
  64  5:34  Medivac  
  67  5:35  Marine x2  
  67  5:36  Marauder  
  67  5:37  Marine  
  67  5:39  Medivac  
  74  5:44  SCV x2  
  76  5:51  Marine  
  76  5:52  Supply Depot  
  76  5:53  Marine x2  
  76  5:54  Siege Tank  
  76  5:55  Marine  
  83  5:57  Marine  
  83  5:58  SCV  
  83  6:00  SCV  
  86  6:07  Combat Shield  
  86  6:09  Marine  
  86  6:10  Supply Depot  
  87  6:11  Marine x2  
  87  6:13  Marine  
  87  6:15  Marine  
  87  6:16  SCV x2  
  93  6:18  Medivac  
  93  6:22  Medivac  
  97  6:27  Marine  
  97  6:29  Marine x2  
  97  6:31  Siege Tank  
  103  6:36  Marine  
  103  6:38  Marine  
  105  6:45  Marine  
  105  6:47  Marine  
  106  6:48  Marine  
  96  6:57  Marine  
  86  7:05  Siege Tank, Marine  
  86  7:06  Marine  
  86  7:08  Marine  
  90  7:10  Marine  
  87  7:16  Marine  
  85  7:22  SCV  
  85  7:23  Marine  
  85  7:28  Marine  
  82  7:32  Marine  
  82  7:33  Marine  
  84  7:41  Marine  
Show
View Real Time Build Order
Export as new Build Order

ShoWTimE Protoss 

Build Orders: 1 Gate Expand, Oracle Opening 

Get SALT Encoding   

  12  0:00  Probe  
  13  0:12  Probe  
  14  0:17  Pylon  
  14  0:24  Probe (Chrono Boost)  
  15  0:36  Probe (Chrono Boost)  
  15  0:37  Gateway  
  16  0:44  Probe (Chrono Boost)  
  16  0:45  Assimilator  
  17  0:51  Probe  
  18  1:03  Probe  
  19  1:15  Probe  
  20  1:22  Nexus  
  20  1:31  Cybernetics Core  
  20  1:34  Probe  
  20  1:39  Assimilator  
  21  1:46  Probe  
  22  1:49  Pylon  
  22  1:58  Probe  
  23  2:05  Adept (Chrono Boost)  
  25  2:10  Probe  
  26  2:17  Stargate  
  26  2:23  Probe  
  26  2:25  Adept (Chrono Boost)  
  29  2:30  Warp Gate  
  29  2:34  Probe (Chrono Boost)  
  31  2:41  Probe (Chrono Boost)  
  31  2:44  Probe (Chrono Boost)  
  32  2:47  Adept  
  32  2:48  Probe (Chrono Boost)  
  32  2:49  Probe (Chrono Boost)  
  36  2:59  Probe  
  36  3:02  Oracle (Chrono Boost)  
  40  3:06  Probe  
  40  3:08  Pylon  
  40  3:11  Probe  
  42  3:19  Probe  
  43  3:23  Probe  
  44  3:29  Gateway x2  
  44  3:31  Probe  
  45  3:36  Oracle (Chrono Boost)  
  45  3:40  Probe  
  49  3:45  Probe  
  50  3:51  Pylon  
  50  3:52  Probe  
  51  3:57  Probe  
  51  4:01  Nexus  
  52  4:04  Probe  
  52  4:09  Probe  
  51  4:13  Phoenix  
  51  4:17  Probe  
  52  4:23  Robotics Facility  
  48  4:25  Assimilator  
  48  4:27  Stalker, Assimilator  
  50  4:31  Probe x2  
  50  4:36  Pylon  
  52  4:42  Sentry, Zealot  
  52  4:44  Probe  
  57  4:52  Probe  
  58  4:56  Twilight Council  
  58  4:58  Probe  
  59  5:04  Pylon, Probe  
  60  5:07  Gateway  
  60  5:10  Probe, Gateway  
  60  5:11  Observer  
  60  5:12  Gateway  
  62  5:15  Probe  
  62  5:17  Robotics Bay, Probe  
  64  5:22  Probe  
  64  5:26  Phoenix  
  68  5:31  Zealot x2  
  68  5:32  Charge (Chrono Boost)  
  68  5:34  Immortal (Chrono Boost)  
  75  5:43  Probe x3  
  78  5:51  Phoenix  
  78  5:54  Zealot x3  
  83  5:58  Pylon  
  83  6:04  Pylon  
  83  6:05  Probe x3  
  83  6:07  Disruptor (Chrono Boost)  
  89  6:18  Probe  
  91  6:19  Zealot x3  
  91  6:20  Pylon  
  96  6:25  Gateway  
  96  6:29  Zealot  
  98  6:33  Pylon  
  98  6:35  Disruptor (Chrono Boost)  
  98  6:38  Shield Battery  
  98  6:39  Pylon, Shield Battery  
  101  6:43  Phoenix  
  101  6:45  Zealot  
  105  6:53  Zealot x4  
  105  7:02  Zealot  
  105  7:08  Zealot  
  96  7:09  Disruptor (Chrono Boost)  
  93  7:16  Zealot x4  
  93  7:22  Zealot x2  
  88  7:26  Phoenix  
  72  7:31  Zealot  
  72  7:36  Zealot  
  72  7:37  Zealot x3  
Tags
 
Add a new tag
Caveats
  • Supply blocks, unpowered buildings, or Contaminate may cause inaccurate times.
  • Supply counts are checked every 10 seconds.